 Dungeon Crawl Stone Soup version 0.28-a0-10-g964c8b829e (webtiles) character file.

Game seed: 14136920479690946750

59 ezpacito the Skirmisher (level 3, 0/29 HPs)
             Began as a Demonspawn Abyssal Knight on July 25, 2021.
             Was a Follower of Lugonu.
             Succumbed to an adder's poison
             ... on level 2 of the Dungeon.
             The game lasted 00:02:09 (1594 turns).

ezpacito the Skirmisher (Demonspawn Abyssal Knight) Turns: 1594, Time: 00:02:09

Health: 0/29       AC:  3    Str: 13    XL:     3   Next: 78%
Magic:  5/5        EV: 10    Int: 13    God:    Lugonu [*.....]
Gold:   51         SH:  3    Dex: 12    Spells: 3/3 levels left

rFire   . . .      SeeInvis .   h - +0 war axe
rCold   . . .      Faith    .   e - +0 buckler
rNeg    . . .      Spirit   .   b - +0 leather armour
rPois   .          Reflect  .   (no helmet)
rElec   .          Harm     .   (no cloak)
rCorr   .          Rampage  .   (no gloves)
Will    .....                   (no boots)
Stlth   +.........              (no amulet)
HPRegen 0.09/turn               (no ring)
MPRegen 0.09/turn               (no ring)

@: lethally poisoned (0 -> -4), weak-willed, slowed, very slow
A: powered by pain 2
a: Renounce Religion, Depart the Abyss


You were on level 2 of the Dungeon.
You worshipped Lugonu.
Lugonu was aware of your devotion.
You visited 1 branch of the dungeon, and saw 2 of its levels.
You visited the Abyss 1 time.

You collected 51 gold pieces.

Inventory:

Hand Weapons
 a - a +1 hand axe
 h - a +0 war axe (weapon)
Missiles
 f - 12 stones (quivered)
Armour
 b - a +0 leather armour (worn)
 e - a +0 buckler (worn)
 j - a +0 chain mail


   Skills:
 + Level 3.2 Fighting
 * Level 2.4 Axes
 + Level 0.4 Throwing
 + Level 2.0 Armour
 + Level 1.2 Dodging
 + Level 0.6 Unarmed Combat
 + Level 0.8 Spellcasting
 + Level 3.0 Invocations


You had 3 spell levels left.
You didn't know any spells.
Your spell library contained the following spells:

 Spells                   Type           Power      Damage    Failure   Level
 Leda's Liquefaction      Hex/Erth       0%         N/A       99%         4
 Bolt of Magma            Conj/Fire/Erth 0%         4d4       100%        5
 Statue Form              Tmut/Erth      0%         N/A       100%        6


Dungeon Overview and Level Annotations

Branches:
Dungeon (2/15)

Altars:


Innate Abilities, Weirdness & Mutations

You sometimes gain power by taking damage.


Message History

You barely miss the adder. You hit the iron imp.
The adder bites you but does no damage. x2
Natasha claws you but does no damage. The iron imp hits you.
The adder bites you but does no damage. Natasha claws you but does no damage.
The iron imp hits you but does no damage.
You closely miss Natasha.
Natasha is severely wounded.
You barely miss the adder. You hit the iron imp.
The iron imp disappears in a puff of smoke!
The adder bites you but does no damage.
Natasha stares at you and mumbles some strange words.
You feel as though you will be slow longer.
The adder bites you but does no damage.
The white imp shouts, "Scamper away, thou unctious hell-hated bloater!"
Natasha claws you but does no damage. The adder bites you but does no damage.
You closely miss Natasha.
Natasha is severely wounded.
You hit the adder but do no damage.
You feel less wooden.
Your +0 leather armour unmelds from your body.
The adder closely misses you. Natasha claws you.
* * * LOW HITPOINT WARNING * * *
The adder bites you.
* * * LOW HITPOINT WARNING * * *
Natasha claws you but does no damage. The adder bites you but does no damage.
Natasha claws you.
* * * LOW HITPOINT WARNING * * *
You slash Natasha!
You kill Natasha!
Lugonu accepts your kill.
Natasha yowls pathetically as she dies!
The white imp disappears in a puff of smoke!
You barely miss the adder. The adder barely misses you. The adder bites you.
* * * LOW HITPOINT WARNING * * *
You are lethally poisoned!
The adder poisons you! The adder bites you but does no damage.
Your Invocations skill increases to level 3!
You aren't carrying any potions.
You closely miss the adder.
You die...

#..###..#.).#
#...8...#...#
##.....##...#
#.)_..# ...#
##.....##...#
#.......#...#
#..###..#...#
+###.###'#
......S@.#
.......†..#
..........#
............
.........#.##
.........#.#
.........#.#
.#########


You could see an adder (weak-willed).

Vanquished Creatures
  Natasha (D:2)
  An adder (D:2)
  4 ball pythons
  2 endoplasms (D:2)
  2 giant cockroaches
  4 hobgoblins
  2 quokkas (D:1)
  2 bats (D:1)
  A frilled lizard (D:2)
  2 kobolds (D:1)
  2 rats (D:1)
23 creatures vanquished.

Notes
Turn   | Place    | Note
-------+----------+-------------------------------------------
     0 | Abyss:1  | ezpacito the Demonspawn Abyssal Knight began the quest for
                  | the Orb.
     0 | Abyss:1  | Reached XP level 1. HP: 18/18 MP: 2/2
    78 | Abyss:1  | Noticed a large abomination
    78 | Abyss:1  | Noticed a ynoxinul
    79 | D:1      | Escaped the Abyss
   266 | D:1      | Reached skill level 1 in Dodging
   428 | D:1      | Gained mutation: You sometimes gain a little power by
                  | taking damage. [demonic ancestry]
   428 | D:1      | Reached XP level 2. HP: 24/24 MP: 3/3
   523 | D:1      | Reached * piety under Lugonu
  1523 | D:2      | Found a faded altar of an unknown god.
  1566 | D:2      | Noticed Natasha
  1572 | D:2      | Noticed a crimson imp
  1589 | D:2      | Gained mutation: You sometimes gain power by taking damage.
                  | [demonic ancestry]
  1589 | D:2      | Reached XP level 3. HP: 17/29 MP: 5/5
  1593 | D:2      | Killed Natasha
  1594 | D:2      | Succumbed to an adder's poison

Illustrated notes

Levels and vault maps discovered:
D:1:      lightli_arrival_lavapool, layout_loops_ring
D:2:      layout_basic, hellmonk_ecumenical_altar_slurped_away, serial_shops,
          shop, hangedman_decor_push, uniq_robin, uniq_natasha

Skill      XL: |  1  2  3 |
---------------+----------+-----
Dodging        | 1 |  1.2
Axes           | 2 |  2.4
Armour         | 2 |  2.0
Invocations    | 3 |  3.0
Fighting       | |  3.2
Throwing       | |  0.4
Unarmed Combat | |  0.6
Spellcasting   | |  0.8

Action                   || total
-------------------------++-------
Melee: Hand axe          ||    42
       War axe           ||    47
Invok: Depart the Abyss  ||     1
  Use: Potion            ||     4
       Scroll            ||     2
Armor: Leather armour    ||    29
       Skin              ||   116
Dodge: Dodged            ||    64
Block: Buckler           ||    20

Table legend: (Time is in decaauts)
 A = Elapsed time spent in this place.
 B = Non-inter-level travel time spent in this place.
 C = Inter-level travel time spent in this place.
 D = Time resting spent in this place.
 E = Time spent auto-exploring this place.
 F = Levels seen in this place.
 G = Mean time per level.
                   A        B        C        D        E       F      G
               +--------+--------+--------+--------+--------+-----+--------+
         Total |   1641 |   1528 |    113 |      0 |   1269 |   3 |  547.0 |
       Dungeon |   1562 |   1449 |    113 |      0 |   1192 |   2 |  781.0 |
         Abyss |     79 |     79 |      0 |      0 |     77 |   1 |   79.0 |
               +--------+--------+--------+--------+--------+-----+--------+

Top non-repeatable levels by time:
     D:1: 1126 daAuts
     D:2: 435 daAuts
 Abyss:1: 79 daAuts
